[Event "Live Chess"]
[Site "Chess.com"]
[Date "2023.05.20"]
[Round "-"]
[White "educatedlad"]
[Black "Hussamalhaidar"]
[Result "1-0"]
[WhiteElo "1629"]
[BlackElo "1029"]
[TimeControl "300"]
[EndTime "15:49:54 PDT"]
[Termination "educatedlad won by checkmate"]

1. e4 b6 2. d4 Bb7 3. Bd3 Nf6 4. Qe2 c5 5. d5 d6 6. c4 Bc8 7. Nc3 e6 8. Bg5 h6 9. Bh4 g5 10. Bg3 e5 11. h4 Bg7 12. hxg5 hxg5 13. Rxh8+ Bxh8 14. O-O-O Bg7 15. Nf3 Bg4 16. Qc2 Na6 17. Qa4+ Qd7 18.
Qxa6 Nh5 19. Qb5 Qxb5 20. Nxb5 Bh6 21. Nxd6+ Ke7 22. Nf5+ Bxf5 23. exf5 Nxg3 24. fxg3 g4+ 25. Nd2 f6 26. Kb1 Kd6 27. Ne4+ Ke7 28. d6+ Kf7 29. d7 Rd8 30. Be2 Ke7 31. Bxg4 Rxd7 32. Rxd7+ Kxd7 33.
Nxf6+ Ke7 34. Nd5+ Kd6 35. f6 Bf8 36. Bf5 a6 37. g4 b5 38. b3 a5 39. g5 a4 40. g6 axb3 41. axb3 bxc4 42. bxc4 e4 43. g7 Bxg7 44. fxg7 e3 45. g8=Q e2 46. Qe6# 1-0

[Event "Live Chess"]
[Site "Chess.com"]
[Date "2023.05.20"]
[Round "-"]
[White "risinghelios"]
[Black "elvenstar"]
[Result "0-1"]
[WhiteElo "1894"]
[BlackElo "1577"]
[TimeControl "300"]
[EndTime "15:49:55 PDT"]
[Termination "elvenstar won by resignation"]

1. e4 d5 2. exd5 Nf6 3. Nc3 e6 4. dxe6 Bxe6 5. Nf3 Bd6 6. Be2 O-O 7. O-O c6 8. d4 Nbd7 9. Be3 Re8 10. Bd3 h6 11. Ne4 Nxe4 12. Bxe4 Bg4 13. Bd3 Qc7 14. h3 Bh5 15. c3 Nf6 16. Bc2 Nd5 17. Qd2 Nxe3 18.
fxe3 Bg3 19. Ne1 Re6 20. Nd3 Rae8 21. Nc5 Rxe3 22. Nb3 Re2 23. Qd3 R8e3 24. Qh7+ Kf8 25. Bg6 Rxg2+ 26. Kxg2 Re2+ 27. Kg1 Bf2+ 28. Rxf2 Qg3+ 29.
Kh1 Qxh3+ 30. Kg1 Qg3+ 31. Kh1 Bf3+ 0-1

[Event "Live Chess"]
[Site "Chess.com"]
[Date "2023.05.20"]
[Round "-"]
[White "jennybobby44"]
[Black "f4nomore"]
[Result "1-0"]
[WhiteElo "1847"]
[BlackElo "1425"]
[TimeControl "300"]
[EndTime "15:50:04 PDT"]
[Termination "jennybobby44 won by resignation"]

1. Nf3 g6 2. d4 Bg7 3. g3 d6 4.
Bg2 Nf6 5. O-O O-O 6. c4 Nbd7 7. b3 a6 8. Bb2 c5 9. d5 b5 10. Nbd2 bxc4 11. Nxc4 Rb8 12. Nfd2 a5 13. e4 a4 14. f4 axb3 15. axb3 Nb6 16. Qc2 Bb7 17. h3 Ra8 18. Kh2 Rxa1 19. Rxa1 Qc7 20. Nxb6 Qxb6 21. Nc4 Qc7 22.
Rd1 Ra8 23. e5 dxe5 24. fxe5 Nh5 25. d6 exd6 26. exd6 Qd7 27. Bxg7 Nxg7 28. Nb6 Qb5 29.
Nxa8 Bxg2 30. Qxg2 Qxb3 31. d7 Ne6 32. Nc7 Nd8 33.
Re1 Kg7 34. Re8 Qb6 35. Nd5 Qa5 36. Qb2+ Kh6 37. Re2 Qa8 38. Qd2+ g5 39. h4 f6 40. Nxf6 Nf7 41. hxg5+ Nxg5 42. d8=Q Qxd8 43. Qxd8 Nf3+ 44.
Kg2 Nd4 45. Ng8+ 1-0

[Event "Live Chess"]
[Site "Chess.com"]
[Date "2023.05.20"]
[Round "-"]
[White "LutherSullivan"]
[Black "Olisingapore"]
[Result "1-0"]
[WhiteElo "2051"]
[BlackElo "1846"]
[TimeControl "300"]
[EndTime "15:50:07 PDT"]
[Termination "LutherSullivan won by checkmate"]

1. e4 c5 2. Nf3 d6 3. c3 Nf6 4.
Be2 Nc6 5. d4 cxd4 6. cxd4 Nxe4 7. d5 Qa5+ 8. Nc3 Nxc3 9. bxc3 Ne5 10. Nxe5 dxe5 11. O-O e6 12. Rb1 exd5 13. Bb5+ Bd7 14. Qxd5 Qc7 15. Bxd7+ Qxd7 16. Qxe5+ Be7 17. Ba3 Kf8 18.
Rfd1 Qe6 19. Bxe7+ Qxe7 20. Qd5 Re8 21. h3 Qe6 22. Rxb7 Qxd5 23. Rxd5 g6 24. Rdd7 Kg7 25. Rxf7+ Kh6 26. Rxa7 Re2 27. c4 Rc2 28. Rf4 g5 29.
Rf6+ Kh5 30. g4+ Kh4 31. Rh6# 1-0

[Event "Live Chess"]
[Site "Chess.com"]
[Date "2023.05.20"]
[Round "-"]
[White "wot-not"]
[Black "Fort9"]
[Result "0-1"]
[WhiteElo "1533"]
[BlackElo "1698"]
[TimeControl "300"]
[EndTime "15:50:41 PDT"]
[Termination "Fort9 won by checkmate"]

1. e4 e5 2. f4 exf4 3. Nf3 d6 4.
d4 g5 5. Bc4 Be6 6. Bxe6 fxe6 7. e5 d5 8. O-O Nd7 9. c3 Qe7 10. b4 O-O-O 11. a4 h5 12. b5 Bh6 13. a5 g4 14. b6 cxb6 15. Nh4 Qxh4 16. axb6 Nxb6 17. Rxa7 g3 18. h3 Ne7 19. Qb3 Kc7 20. Na3 Nec8 21. Nb5+ Kb8 22. Ra2 f3 23. Ba3 fxg2 24. Rf7 Be3+ 25.
Kxg2 Qe4+ 26. Kf1 Rhf8 27. Bxf8 g2+ 28. Ke2 g1=Q 29. Rxb7+ Kxb7 30. Nd6+ Rxd6 31. Bxd6 Qf2+ 32. Kd1 Qh1# 0-1

[Event "Live Chess"]
[Site "Chess.com"]
[Date "2023.05.20"]
[Round "-"]
[White "Delacorta"]
[Black "GMHarry-youtube"]
[Result "0-1"]
[WhiteElo "1429"]
[BlackElo "2009"]
[TimeControl "300"]
[EndTime "15:50:54 PDT"]
[Termination "GMHarry-youtube won by checkmate"]

1. d4 Nf6 2. Nf3 g6 3. e3 Bg7 4. Bd3 O-O 5. b3 c5 6. Bb2 cxd4 7. Bxd4 d5 8. Nbd2 Nc6 9. Bb2 Re8 10. O-O e5 11. e4 d4 12. a3 Nh5 13. Rc1 Nf4 14. Nc4 f5 15. Ncd2 fxe4 16. Bc4+ Kh8 17. Nxe4 Qd7 18. Neg5 Rf8 19. Nxh7 Qg4 20. Nh4 Qxh4 21. Nxf8 Bxf8 22. g3 Nh3+ 23. Kg2 Qh7 24. Qf3 Bf5 25.
Bd3 Bh6 26. Bxf5 gxf5 27. Rce1 e4 28. Qh5 Ng5 29. Rd1 Nf3 30. Rxd4 Ncxd4 31. Rd1 Bg7 32.
Qf7 Qxh2+ 33. Kf1 Qh1# 0-1

[Event "Live Chess"]
[Site "Chess.com"]
[Date "2023.05.20"]
[Round "-"]
[White "parcellforce"]
[Black "KeithArkell"]
[Result "0-1"]
[WhiteElo "1348"]
[BlackElo "2608"]
[TimeControl "300"]
[EndTime "15:51:19 PDT"]
[Termination "KeithArkell won by resignation"]

1. d4 e6 2. c4 Bb4+ 3. Nc3 c5 4. e3 Bxc3+ 5. bxc3 f5 6. Nf3 Nf6 7. Qc2 d6 8. Bd3 Nc6 9. d5 Ne5 10. Nxe5 dxe5 11. dxe6 e4 12. Be2 Bxe6 13. O-O O-O 14. Ba3 Qc7 15. Rfd1 Rad8 16. Rd2 Rxd2 17. Qxd2 Rd8 18. Qc2 Nd7 19. f4 exf3 20. Bxf3 Ne5 21. Bc1 Nxf3+ 22. gxf3 Qd6 23. Bb2 Qd2 24. Qxd2 Rxd2 25.
Ba3 b6 26. Bc1 Rd1+ 27. Kg2 Bxc4 28. a4 Rd3 29. a5 Rxc3 30. axb6 axb6 31. Kf2 Rc2+ 32.
Kg3 g5 33. e4 f4+ 34. Kg4 h6 35. h4 Be6+ 36. Kh5 Rg2 37. hxg5 hxg5 38. Kg6 Bf7+ 39. Kf5 Kg7 40. Ra7 Rc2 41. Ra1 Rg2 42. Rb1 Bg6+ 43. Ke5 Rg1 44. Kd6 Kh6 45. Kc6 Rf1 46. Kxb6 Rxf3 47.
Kxc5 Bxe4 48. Kd4 Bxb1 49. Ke5 Kg6 0-1

[Event "Live Chess"]
[Site "Chess.com"]
[Date "2023.05.20"]
[Round "-"]
[White "LL220284LL"]
[Black "HD_IN4k"]
[Result "1-0"]
[WhiteElo "2385"]
[BlackElo "391"]
[TimeControl "300"]
[EndTime "15:51:32 PDT"]
[Termination "LL220284LL won by checkmate"]

1. Nf3 Nf6 2. b3 b6 3. Bb2 Bb7 4. e3 e6 5. Be2 Be7 6. d4 O-O 7. Nbd2 d5 8. O-O Ne4 9. Nxe4 dxe4 10. Nd2 f5 11. f3 Qe8 12. fxe4 fxe4 13. Rxf8+ Qxf8 14. Bg4 Bh4 15. Bxe6+ Kh8 16. Qe2 Nc6 17. Rf1 Qe7 18.
Bd5 Rf8 19. Rxf8+ Qxf8 20. Bxe4 Nb4 21. Bxb7 Nxc2 22. Nf3 Bf2+ 23. Qxf2 Nb4 24. Be4 c5 25. Qh4 h6 26. dxc5 bxc5 27. Qxh6+ Kg8 28. Bh7+ Kf7 29. Qg6+ Ke7 30. Be5 Nd3 31. Qd6+ Ke8 32. Bg6+ Qf7 33. Qe6+ Kf8 34. Qxf7# 1-0

[Event "Live Chess"]
[Site "Chess.com"]
[Date "2023.05.20"]
[Round "-"]
[White "FlyingChessKestrel13"]
[Black "karimghalambaz"]
[Result "1-0"]
[WhiteElo "2101"]
[BlackElo "1282"]
[TimeControl "300"]
[EndTime "15:51:32 PDT"]
[Termination "FlyingChessKestrel13 won by resignation"]

1. e4 c5 2. Nc3 d6 3. g3 Nc6 4. Bg2 Nf6 5. Nge2 g6 6. O-O Bg7 7.
d4 cxd4 8. Nxd4 O-O 9. Nxc6 bxc6 10. e5 dxe5 11. Bxc6 Rb8 12. Qe2 Bh3 13. Rd1 Qc7 14.
Bh1 e4 15. Nxe4 Nxe4 16. Qxe4 Bf5 17. Qc6 Qxc6 18. Bxc6 Bxc2 19. Re1 e6 20. Be3 Bxb2 21. Bxa7 Rbc8 22. Bg2 Bxa1 23. Rxa1 Bf5 24. a4 Rc2 25.
a5 Rfc8 26. Be3 Rb2 27. a6 Rcc2 28. a7 Ra2 29. Rb1 Rcb2 30. Rxb2 Rxb2 31. a8=Q+ Kg7 32. Bd4+ f6 33. Bxb2 1-0

[Event "Live Chess"]
[Site "Chess.com"]
[Date "2023.05.20"]
[Round "-"]
[White "Nazar_777"]
[Black "grillage"]
[Result "0-1"]
[WhiteElo "1639"]
[BlackElo "1857"]
[TimeControl "300"]
[EndTime "15:51:40 PDT"]
[Termination "grillage won by checkmate"]

1. e3 Nf6 2. h4 e6 3. a3 c5 4. c4 d5 5. cxd5 exd5 6. Nf3 Nc6 7.
Be2 Bg4 8. Qc2 Be7 9. Nc3 O-O 10. Ng5 Bxe2 11. Kxe2 d4 12. Nce4 d3+ 13. Qxd3 Qxd3+ 14. Kxd3 Rad8+ 15. Ke2 Nxe4 16. Nxe4 c4 17. g4 Rfe8 18.
g5 Ne5 19. f4 Nd3 20. h5 Nxc1+ 21. Raxc1 b5 22. Rhg1 Bxa3 23. Nf6+ gxf6 24. gxf6+ Kh8 25. bxa3 Re6 26. a4 a6 27. axb5 axb5 28. Rg4 Rxf6 29. Ra1 Rfd6 30. Rd1 b4 31. f5 c3 32. Rxb4 Rxd2+ 33. Rxd2 Rxd2+ 34. Kf3 Kg7 35. Rc4 c2 36. Kf4 Rh2 37.
Kg5 h6+ 38. Kf4 Rh4+ 39. Ke5 Rxc4 40. f6+ Kf8 41. Kf5 c1=Q 42. e4 Qf1+ 43. Ke5 Rc5+ 44.
Kd6 Rxh5 45. e5 Qa6+ 46. Kd7 Rxe5 47. Kc7 Re6 48. Kd7 Qa7+ 49. Kd8 Re8# 0-1

[Event "Live Chess"]
[Site "Chess.com"]
[Date "2023.05.20"]
[Round "-"]
[White "xx_blindpuffin_xx"]
[Black "HoarseyHorsey"]
[Result "1-0"]
[WhiteElo "2208"]
[BlackElo "1430"]
[TimeControl "300"]
[EndTime "15:52:06 PDT"]
[Termination "xx_blindpuffin_xx won by resignation"]

1. c4 Nf6 2. Nc3 e6 3. g3 d5 4. cxd5 exd5 5. Bg2 c6 6. Nf3 Bg4 7. O-O Bd6 8. d3 Nbd7 9. e4 d4 10. Ne2 c5 11. h3 Be6 12. Nh2 O-O 13. f4 Bb8 14. f5 Bd5 15. exd5 Nb6 16. Bg5 Bd6 17. Nf4 h6 18. Bh4 Re8 19. Ng4 Be7 20. Nxf6+ Bxf6 21.
Bxf6 Qxf6 22. g4 Re3 23. a4 Rae8 24. a5 Nd7 25. Be4 Qh4 26. Ng2 Qxh3 27. Nxe3 Qxe3+ 28. Rf2 Nf6 29. Qf3 Qxf3 30. Bxf3 Rd8 31. Re1 Nxd5 32. Bxd5 Rxd5 33. Re7 b6 34. axb6 axb6 35. Rb7 c4 36. dxc4 Rc5 37. Rxb6 Rxc4 38. Rd2 1-0

[Event "Live Chess"]
[Site "Chess.com"]
[Date "2023.05.20"]
[Round "-"]
[White "Pablo_dmp"]
[Black "Conradical12"]
[Result "1-0"]
[WhiteElo "1877"]
[BlackElo "1611"]
[TimeControl "300"]
[EndTime "15:52:12 PDT"]
[Termination "Pablo_dmp won by checkmate"]

1. e4 e5 2. Nc3 Nc6 3. Bc4 Nf6 4. d3 Bc5 5. f4 d6 6. Nf3 Ng4 7. Na4 Nf2 8. Qe2 Nxh1 9. Nxc5 dxc5 10. Ng5 O-O 11.
Qh5 h6 12. Nxf7 Qd4 13. Nxh6+ Kh7 14. Nf7+ Kg8 15. Qh8# 1-0

[Event "Live Chess"]
[Site "Chess.com"]
[Date "2023.05.20"]
[Round "-"]
[White "diana21strabt"]
[Black "manthanit"]
[Result "1-0"]
[WhiteElo "1699"]
[BlackElo "1048"]
[TimeControl "300"]
[EndTime "15:52:14 PDT"]
[Termination "diana21strabt won by resignation"]

1. e4 e6 2. d4 d5 3. Nc3 c5 4. dxc5 Bxc5 5. Bb5+ Nc6 6. exd5 exd5 7. Qxd5 Ne7 8.
Qxd8+ Kxd8 9. Bxc6 Nxc6 10. Nf3 Be6 11. Bg5+ f6 12. O-O-O+ Ke7 13. Be3 Rad8 14. Bxc5+ Kf7 15. Rxd8 Rxd8 16. Rd1 b6 17. Rxd8 Nxd8 18. Be3 Nc6 19. Nd4 Nxd4 20. Bxd4 Ke7 21. Kd2 Kd6 22. Ke3 g6 23.
Bxf6 Bd7 24. a3 a6 25. Ne4+ Ke6 26. Bd8 b5 27. Kd4 Bc6 28. Ng5+ Kf5 29. f3 h6 30. Ne4 g5 31. Be7 g4 32. fxg4+ Kxg4 33. h3+ Kf5 34.
Nd6+ Ke6 35. Bf8 Bxg2 36. h4 Bf3 37. Ne4 Kf5 38. Nd6+ Ke6 39. Kc5 Bd1 40. Bxh6 Bxc2 41. Bg5 Bb3 42. h5 Ba4 43. h6 Bc2 44. Nb7 Be4 45.
Nd8+ Kd7 46. Nf7 Kc7 47. Kd4 Bg6 48. Ne5 Bb1 49. Kd5 Bc2 50. Ng4 Bf5 51. Nf6 Bb1 52. Ne4 Ba2+ 53. Ke5 Bg8 54. Nf6 Bf7 55. h7 1-0

[Event "Live Chess"]
[Site "Chess.com"]
[Date "2023.05.20"]
[Round "-"]
[White "TheSmoulderingMaster"]
[Black "stevochess11"]
[Result "1-0"]
[WhiteElo "1699"]
[BlackElo "1739"]
[TimeControl "300"]
[EndTime "15:52:21 PDT"]
[Termination "TheSmoulderingMaster won by resignation"]

1. e4 c5 2. Nf3 g6 3. d4 cxd4 4. Nxd4 Nc6 5. Nc3 Bg7 6. Be3 Nf6 7. f3 O-O 8. Qd2 d5 9. O-O-O Nxd4 10. Bxd4 dxe4 11.
Qg5 exf3 12. Bxf6 Bxf6 13. Qxf6 Qxd1+ 14. Kxd1 exf6 15. gxf3 Bf5 16. h4 Rad8+ 17. Ke1 Rfe8+ 18. Kf2 Rd2+ 19. Kg3 Rxc2 20. Nd5 Kg7 21. h5 Rxb2 22. h6+ Kf8 23. Nxf6 Re6 24. Nxh7+ Kg8 25. Ng5 Ra6 26. h7+ Kh8 27. Nxf7+ Kg7 28. h8=Q+ Kxf7 29. Rh7+ Ke6 30.
Bc4+ Kd6 31. Qd8+ Kc5 32. Rc7+ Kb4 33. Qe7+ Kc3 34. Bxa6+ 1-0

[Event "Live Chess"]
[Site "Chess.com"]
[Date "2023.05.20"]
[Round "-"]
[White "Cimon"]
[Black "Brooms1989"]
[Result "1-0"]
[WhiteElo "1846"]
[BlackElo "1079"]
[TimeControl "300"]
[EndTime "15:52:22 PDT"]
[Termination "Cimon won by checkmate"]

1. Nf3 g6 2. d4 Nf6 3. c4 Bg7 4. g3 O-O 5. Bg2 d6 6. O-O Bg4 7. Nc3 Qd7 8. Qc2 Bh3 9. e4 Bxg2 10. Kxg2 Re8 11. Bf4 Nh5 12. Bd2 e5 13. d5 c6 14.
Rfd1 cxd5 15. Nxd5 Nc6 16. b4 Nd4 17. Nxd4 exd4 18. Rac1 Nf6 19. Re1 Rac8 20. Qd3 Nxd5 21. exd5 Rxe1 22. Rxe1 Re8 23. Re4 Rxe4 24. Qxe4 f5 25.
Qd3 Qe7 26. Kf1 Qe4 27. Qxe4 fxe4 28. c5 dxc5 29. bxc5 Be5 30. Bf4 Bxf4 31. gxf4 d3 32. c6 d2 33. Ke2 bxc6 34. dxc6 e3 35. fxe3 d1=Q+ 36. Kxd1 Kf7 37. c7 Kf6 38. c8=Q Kg7 39. Qe6 Kh6 40. Ke2 a5 41. Kf3 a4 42. Kg4 a3 43. f5 Kg7 44. f6+ Kf8 45. Qe7+ Kg8 46. Qg7# 1-0

[Event "Live Chess"]
[Site "Chess.com"]
[Date "2023.05.20"]
[Round "-"]
[White "weibs440"]
[Black "Hussamalhaidar"]
[Result "0-1"]
[WhiteElo "951"]
[BlackElo "1039"]
[TimeControl "300"]
[EndTime "15:52:23 PDT"]
[Termination "Hussamalhaidar won by resignation"]

1. e4 d5 2. exd5 c6 3. Nc3 cxd5 4. d4 Nf6 5. Nf3 e6 6. Bb5+ Nc6 7. O-O a6 8. Bd3 Bb4 9. a3 Bxc3 10. bxc3 Na5 11. Bg5 h6 12. Bh4 g5 13. Bg3 Nc4 14. h3 Nb2 15. Be2 Nxd1 0-1

[Event "Live Chess"]
[Site "Chess.com"]
[Date "2023.05.20"]
[Round "-"]
[White "CameronM1234"]
[Black "Singapourfeuj"]
[Result "0-1"]
[WhiteElo "1095"]
[BlackElo "2203"]
[TimeControl "300"]
[EndTime "15:52:28 PDT"]
[Termination "Singapourfeuj won by resignation"]

1. e4 e6 2. d3 d5 3. Nd2 Nf6 4. e5 Nfd7 5. d4 c5 6. c3 Nc6 7. Ngf3 a6 8. dxc5 Bxc5 9. Qe2 b5 10. g3 Qb6 11. Bg2 Bb7 12. O-O O-O 13. Re1 b4 14. cxb4 Nxb4 15. Nb3 Be7 16. a3 Nc6 17. Nbd4 Nxd4 18.
Nxd4 Qxd4 19. Be3 Qa4 20. Reb1 Rac8 21. b3 Qb5 22. Qb2 Nc5 23. Bxc5 Bxc5 24. b4 Be7 25. a4 Qd3 26. b5 a5 27. Rc1 Bb4 28.
Bf1 Qe4 29. Qe2 d4 30. Qxe4 Bxe4 31. Bg2 Bxg2 32. Kxg2 f6 33. Rc6 Rxc6 34. bxc6 Rc8 35. Rc1 d3 36. c7 d2 37. Rc6 d1=Q 38. Rd6 Bxd6 39. exd6 Qxd6 0-1

[Event "Live Chess"]
[Site "Chess.com"]
[Date "2023.05.20"]
[Round "-"]
[White "LiamClery2020"]
[Black "Ed_Knox"]
[Result "1-0"]
[WhiteElo "2062"]
[BlackElo "1441"]
[TimeControl "300"]
[EndTime "15:52:30 PDT"]
[Termination "LiamClery2020 won by checkmate"]

1. e4 d5 2. exd5 Qxd5 3. Nc3 Qd8 4. d4 c6 5. Bc4 Bf5 6. Nf3 e6 7. Bg5 Qc7 8. Qe2 Be7 9. Bxe7 Qxe7 10. O-O Nf6 11.
Rad1 O-O 12. Bd3 Bxd3 13. Qxd3 Nbd7 14. Rfe1 Rad8 15. Qe3 Nd5 16. Nxd5 cxd5 17. c3 Nf6 18. Ne5 Nd7 19. Nd3 Rc8 20. Qf3 Qf6 21. Qg3 Qg6 22.
Qe3 Rfe8 23. Nf4 Qf6 24. Nd3 Nb6 25. Nc5 Rc7 26. b3 Nd7 27. Qg3 Rec8 28. Nxd7 Rxd7 29. Re3 Rdc7 30. Rf3 Qg6 31. Qd6 Qc2 32. Re1 Rxc3 33. Rxf7 Qc1 34. Qxe6 Qxe1+ 35. Qxe1 Rc1 36. Re7 Rxe1+ 37. Rxe1 Rc2 38. g3 Rd2 39. Re7 Rxa2 40. Rxb7 a5 41. Rd7 a4 42. bxa4 Rxa4 43. Rxd5 Kf7 44. Kg2 Ke6 45. Rd8 Ra5 46. d5+ Rxd5 47. Rxd5 Kxd5 48. Kf3 Ke5 49. Kg4 Kf6 50. h4 Kf7 51.
Kf5 Ke7 52. Ke5 Kf7 53. h5 Ke7 54. f4 Kf7 55. g4 Ke7 56. g5 Kf7 57. f5 Ke7 58. f6+ gxf6+ 59. gxf6+ Kf7 60. Kf5 Kf8 61. Ke6 h6 62. f7 Kg7 63. Ke7 Kh7 64. Ke8 Kg7 65.
f8=Q+ Kh7 66. Qe7+ Kg8 67. Kd7 Kh8 68. Kd6 Kg8 69.
Kd5 Kh8 70. Kd4 Kg8 71. Kd3 Kh8 72. Kd2 Kg8 73. Kd1 Kh8 74. Ke1 Kg8 75. Kf1 Kh8 76.
Kg1 Kg8 77. Kh1 Kh8 78. Kh2 Kg8 79. Kh3 Kh8 80. Kh4 Kg8 81. Kg4 Kh8 82. Kf4 Kg8 83.
Kf5 Kh8 84. Ke5 Kg8 85. Kd5 Kh8 86. Kd6 Kg8 87. Ke6 Kh8 88. Kf6 Kg8 89. Qg7# 1-0

[Event "Live Chess"]
[Site "Chess.com"]
[Date "2023.05.20"]
[Round "-"]
[White "smoggyrabbit"]
[Black "HonestJoe1"]
[Result "0-1"]
[WhiteElo "1697"]
[BlackElo "2096"]
[TimeControl "300"]
[EndTime "15:52:52 PDT"]
[Termination "HonestJoe1 won on time"]

1. d4 Nf6 2. Nf3 c5 3. d5 e6 4.
dxe6 fxe6 5. Nc3 Be7 6. e4 d6 7.
Bc4 Nc6 8. O-O O-O 9. Ng5 Nd4 10.
Be3 d5 11. exd5 exd5 12. Bd3 Nf5 13. Bd2 h6 14. Nf3 c4 15. Bxf5 Bxf5 16. Nd4 Bg4 17. f3 Bd7 18. Re1 Bc5 19. Be3 Qb6 20. Qd2 Rae8 21.
Bf2 Qxb2 22. Rab1 Rxe1+ 23. Qxe1 Qa3 24. Rxb7 Re8 25. Qd2 Bb4 26. Rxb4 Qxb4 27. Be1 Qc5 28. Kh1 Qe7 29. Bf2 Qe5 30. Nde2 Bc6 31. Bg3 Qe3 32. Qxe3 Rxe3 33. Nd1 Rxe2 0-1

[Event "Live Chess"]
[Site "Chess.com"]
[Date "2023.05.20"]
[Round "-"]
[White "chessfiction"]
[Black "educatedlad"]
[Result "1-0"]
[WhiteElo "2350"]
[BlackElo "1629"]
[TimeControl "300"]
[EndTime "15:52:55 PDT"]
[Termination "chessfiction won by checkmate"]

1. e4 e6 2. d4 d5 3. Nc3 Nf6 4. e5 Nfd7 5. Nce2 c5 6. f4 Nc6 7. Nf3 Be7 8. h4 O-O 9. h5 h6 10. g4 f5 11. g5 Kh7 12. Rg1 Rg8 13. Ng3 cxd4 14. Bd3 Nb4 15. Nxf5 Nxd3+ 16. Qxd3 exf5 17. Qxf5+ Kh8 18. e6 Nc5 19. Nxd4 Bxe6 20. Nxe6 Nxe6 21. Qxe6 Bb4+ 22. Kd1 Qb6 23. Qxb6 axb6 24. Be3 b5 25. Bd4 hxg5 26. h6 Kh7 27. hxg7 gxf4 28. c3 Bd6 29. Kc2 Kh6 30. Rg2 f3 31. Rh1+ Bh2 32.
Rhxh2# 1-0

[Event "Live Chess"]
[Site "Chess.com"]
[Date "2023.05.20"]
[Round "-"]
[White "laminaaprod"]
[Black "SupremeTactician"]
[Result "1-0"]
[WhiteElo "2253"]
[BlackElo "2333"]
[TimeControl "300"]
[EndTime "15:52:56 PDT"]
[Termination "laminaaprod won by resignation"]

1. d4 f5 2. e4 d6 3. exf5 Bxf5 4. Bd3 Bxd3 5. Qxd3 g6 6. Nf3 Bg7 7. O-O Nf6 8. d5 O-O 9. Ng5 Qc8 10. Ne6 Rf7 11. c4 Nbd7 12. Nc3 Ne5 13. Qe2 c6 14. Bf4 cxd5 15. Bxe5 dxe5 16. cxd5 Nxd5 17. Nxd5 Qxe6 18. Nc7 Qc8 19. Nxa8 Qxa8 20. Rac1 b6 21. Rfe1 Qd5 22. b3 h6 23. Red1 Qe6 24. Qe4 Rf4 25. Qc6 Qf7 26.
Qd5 e6 27. Qd8+ Kh7 28. Rc7 Qf8 29. Qxf8 Rxf8 30. Rdd7 1-0

[Event "Live Chess"]
[Site "Chess.com"]
[Date "2023.05.20"]
[Round "-"]
[White "Biranidun"]
[Black "EdenHazard8"]
[Result "1-0"]
[WhiteElo "2684"]
[BlackElo "2063"]
[TimeControl "300"]
[EndTime "15:53:11 PDT"]
[Termination "Biranidun won by resignation"]

1. e4 c6 2. d4 d5 3. e5 c5 4. dxc5 e6 5. a3 Nd7 6. Nf3 Bxc5 7. c4 dxc4 8. Bxc4 a6 9. O-O b5 10. Bd3 Bb7 11. Nc3 Ne7 12. Ne4 h6 13. b4 Bxe4 14. Bxe4 Bb6 15. Bxa8 Qxa8 16. Bf4 Nd5 17.
Bg3 O-O 18. Rc1 Rc8 19. Qd3 Nf8 20. h4 Ng6 21. h5 Ngf4 22. Rxc8+ Qxc8 23. Bxf4 Nxf4 24.
Qd6 Qc4 25. Qxb6 Ne2+ 26. Kh1 Qg4 27. Qd8+ Kh7 28. Qh4 1-0

[Event "Live Chess"]
[Site "Chess.com"]
[Date "2023.05.20"]
[Round "-"]
[White "BJAW87"]
[Black "1600x"]
[Result "0-1"]
[WhiteElo "1426"]
[BlackElo "1785"]
[TimeControl "300"]
[EndTime "15:53:12 PDT"]
[Termination "1600x won by resignation"]

1. e4 e5 2. Nc3 d6 3. f4 Qf6 4. fxe5 dxe5 5. Nf3 Nc6 6. Nd5 Qd6 7. Bc4 Na5 8. Bb3 c6 9. Nc3 b5 10. O-O b4 11.
Ne2 Nxb3 12. axb3 c5 13. Ng5 f6 14. Nh3 a6 15. Ng3 Nh6 16. d3 Bg4 17. Qe1 c4 18. Bxh6 Bxh3 19. Bxg7 Bxg7 20. gxh3 Qb6+ 21. Kg2 cxd3 22.
cxd3 Bh6 23. Nf5 Rg8+ 24. Kh1 Bf8 25. Qh4 Rg5 26. Qxh7 Ra7 27. Qh4 Rd7 28. Rfd1 Rg6 29. Qe1 Rg5 30. Ne3 Rgg7 31. Nc4 Qb5 32. Ra5 Qb8 33. Qe3 Qa7 34. Qxa7 Rxa7 35. Rf1 Be7 36. Rd5 Rc7 37. Nd6+ Bxd6 38. Rxd6 Rgd7 39. Rdxf6 Rxd3 40. Rf8+ Kd7 41. R1f7+ Kc6 42. Rf6+ Kb7 43. R8f7 Rxb3 44.
Rxc7+ Kxc7 45. Re6 Rxb2 46. Rxe5 Ra2 47. h4 b3 48.
Rc5+ Kb7 49. e5 b2 50. Kg2 b1=Q+ 51. Kh3 Qb3+ 52. Kg4 0-1

[Event "Live Chess"]
[Site "Chess.com"]
[Date "2023.05.20"]
[Round "-"]
[White "GiacoPietro"]
[Black "martynstanley"]
[Result "0-1"]
[WhiteElo "778"]
[BlackElo "1010"]
[TimeControl "300"]
[EndTime "15:53:15 PDT"]
[Termination "martynstanley won by checkmate"]

1. g3 e6 2. Bg2 d5 3. c4 c5 4.
cxd5 exd5 5. Nc3 d4 6. Ne4 Nf6 7. d3 Nxe4 8. Bxe4 Qa5+ 9. Bd2 Qb6 10. b3 Bd7 11. Nf3 Nc6 12. O-O g6 13. e3 f5 14.
Bxc6 Bxc6 15. exd4 Bd5 16. dxc5 Qc6 17. Rc1 Bxf3 18. Re1+ Be7 19. Rxe7+ Kxe7 20. Qe1+ Kd7 21. Rc3 Rae8 22. Be3 Re7 23. d4 Rhe8 24. Bg5 Rxe1# 0-1

[Event "Live Chess"]
[Site "Chess.com"]
[Date "2023.05.20"]
[Round "-"]
[White "AlanPaling"]
[Black "Daniel_Gliddon_FA"]
[Result "1-0"]
[WhiteElo "1297"]
[BlackElo "1230"]
[TimeControl "300"]
[EndTime "15:53:45 PDT"]
[Termination "AlanPaling won by resignation"]

1. c4 Nf6 2. Nc3 g6 3. e4 Bg7 4.
g3 Nc6 5. Bg2 O-O 6. Nge2 e6 7.
O-O d5 8. cxd5 exd5 9. e5 Nd7 10. d4 Nb6 11. b3 Bf5 12. a3 Qd7 13. Be3 f6 14. f4 fxe5 15. fxe5 Nxe5 16. dxe5 Bxe5 17. Bxd5+ Nxd5 18. Qxd5+ Qxd5 19. Nxd5 Bxa1 20. Rxa1 c6 21. Ne7+ Kf7 22. Nxf5 gxf5 23. Nf4 Kg8 24. Bc5 Rfe8 25. Kf2 b6 26. Be3 c5 27. Rb1 Rad8 28. b4 c4 29. b5 Rd7 30. Rc1 Rde7 31. Ng2 Re4 32. Rc3 Kf7 33. a4 Rd8 34. Nf4 Rd1 35. Ne2 Ra1 36.
Kf3 Rxa4 37. g4 Re5 38. gxf5 Rxf5+ 39. Ke4 Rxb5 40. Nd4 Rh5 41. Nf3 b5 42. Bf4 Ra2 43.
h3 Re2+ 44. Kd4 a5 45. Bc7 a4 46. Bd6 Rxh3 47. Ng5+ Kg6 48. Nxh3 Rd2+ 49. Kc5 b4 50. Rxc4 b3 51. Be5 Re2 52. Nf4+ Kf5 53. Nxe2 Kxe5 54. Rxa4 b2 55. Rb4 1-0

[Event "Live Chess"]
[Site "Chess.com"]
[Date "2023.05.20"]
[Round "-"]
[White "CheckThis4"]
[Black "JoshMcK"]
[Result "1-0"]
[WhiteElo "2518"]
[BlackElo "1518"]
[TimeControl "300"]
[EndTime "15:53:45 PDT"]
[Termination "CheckThis4 won by resignation"]

1. d4 d5 2. Bg5 h6 3. Bh4 Nf6 4. e3 Nc6 5. c4 dxc4 6. Bxc4 e6 7. Nc3 Be7 8. Nf3 O-O 9. O-O Nd5 10. Bxe7 Ncxe7 11. Rc1 b6 12. Nxd5 Nxd5 13. e4 Ne7 14. e5 Bb7 15.
Bd3 Bxf3 16. gxf3 Nd5 17. Kh1 Qg5 18. Rg1 Qh5 19. Be4 Rac8 20. Rg3 Nf4 21. Qd2 Nd5 22.
Rcg1 g6 23. Rg4 Kh8 24. R1g3 f5 25. exf6 Nxf6 26. Rxg6 Nxe4 27. Rxh6+ 1-0

[Event "Live Chess"]
[Site "Chess.com"]
[Date "2023.05.20"]
[Round "-"]
[White "CeladonFish"]
[Black "ShanthamGrarks"]
[Result "0-1"]
[WhiteElo "1136"]
[BlackElo "1978"]
[TimeControl "300"]
[EndTime "15:53:51 PDT"]
[Termination "ShanthamGrarks won by resignation"]

1. d4 e6 2. c4 f5 3. Nc3 Nf6 4. Bf4 c6 5. Nf3 d5 6. e3 Bd6 7. Bxd6 Qxd6 8. Be2 O-O 9. O-O Nbd7 10. cxd5 cxd5 11.
Qb3 a6 12. Na4 b5 13. Nc3 Bb7 14. a4 b4 15. Na2 a5 16. Bb5 Ba6 17. Rfc1 Bxb5 18.
axb5 Rfc8 19. Rc6 Rxc6 20. bxc6 Qxc6 21. Rc1 Qb7 22. Ne5 Nxe5 23. dxe5 Nd7 24. f4 Rc8 25. Rxc8+ Qxc8 26. Kf2 Nc5 27. Qa4 Nd3+ 28. Kf3 Qa8 29. b3 d4+ 30. Ke2 Nc5 31. Nxb4 Nxa4 0-1